 Dungeon Crawl Stone Soup version 0.28.0 (webtiles) character file.

Game seed: 13794901916001573314

214 HallandMoats the Skirmisher (level 5, -4/46 HPs)
             Began as a Ghoul Fighter on Feb 8, 2022.
             Was a Follower of Okawaru.
             Slain by an iguana (6 damage)
             ... on level 4 of the Dungeon.
             The game lasted 00:03:53 (3152 turns).

HallandMoats the Skirmisher (Ghoul Fighter)         Turns: 3152, Time: 00:03:54

Health: -4/46      AC:  7    Str: 20    XL:     5   Next: 91%
Magic:  4/6        EV: 12    Int:  5    God:    Okawaru [*.....]
Gold:   180        SH:  5    Dex:  8    Spells: 4/4 levels left

rFire   . . .      SeeInvis .   a - +0 war axe
rCold   + . .      Faith    .   c - +0 buckler
rNeg    + + +      Spirit   .   q - +1 ring mail {rN+}
rPois   ∞          Reflect  .   (no helmet)
rElec   .          Harm     .   (no cloak)
rCorr   .          Rampage  .   (no gloves)
Will    .....                   (no boots)
Stlth   ++........              (no amulet)
HPRegen 0.00/turn               (no ring)
MPRegen 0.10/turn               (no ring)

@: heroic, inhibited regen
A: claws 1, cold resistance 1, negative energy resistance 3, inhibited
regeneration, torment resistance 2
a: Renounce Religion, Heroism


You were on level 4 of the Dungeon.
You worshipped Okawaru.
Okawaru was aware of your devotion.
You visited 1 branch of the dungeon, and saw 4 of its levels.

You collected 180 gold pieces.

Inventory:

Hand Weapons
 a - a +0 war axe (weapon)
Armour
 c - a +0 buckler (worn)
 q - a +1 ring mail of positive energy (worn)
Jewellery
 f - a ring of ice
Wands
 p - a wand of digging (7)
Scrolls
 b - a scroll of enchant armour
 h - a scroll of enchant weapon {unknown}
 i - 2 scrolls of teleportation {unknown}
 n - a scroll of magic mapping {unknown}
Potions
 d - a potion of might
 e - 6 potions of curing {unknown}
 j - 2 potions of attraction {unknown}
 k - a potion of magic {unknown}
 m - a potion of degeneration {unknown}
 o - a potion of mutation {unknown}


   Skills:
 * Level 4.3(9.3) Fighting
 * Level 2.9(7.9) Axes
 + Level 3.2(8.2) Armour
 + Level 1.2(6.2) Dodging
 + Level 3.2(8.2) Shields
 * Level 2.6 Invocations


You had 4 spell levels left.
You didn't know any spells.
Your spell library was empty.

Dungeon Overview and Level Annotations

Branches:
Dungeon (4/15)
 Temple: D:4-7

Altars:
Okawaru


Innate Abilities, Weirdness & Mutations

You thrive by killing the living.
You are immune to poison.
You have sharp fingernails.
Your flesh is cold resistant. (rC+)
You are immune to negative energy. (rN+++)
You do not regenerate when monsters are visible.
You are immune to unholy pain and torment.


Message History

You are too injured to fight recklessly!
You are too injured to fight recklessly!
You are too injured to fight recklessly!
You are too injured to fight recklessly!
You are too injured to fight recklessly!
You are too injured to fight recklessly!
You are too injured to fight recklessly!
You are too injured to fight recklessly!
You are too injured to fight recklessly!
You are too injured to fight recklessly!
You are too injured to fight recklessly!
You are too injured to fight recklessly!
You are too injured to fight recklessly!
You are too injured to fight recklessly!
You are too injured to fight recklessly!
You are too injured to fight recklessly!
You are too injured to fight recklessly!
You gain the combat prowess of a mighty hero.
The iguana bites you but does no damage.
You closely miss the iguana.
The iguana is lightly wounded.
The iguana bites you!
* * * LOW HITPOINT WARNING * * *
You hit the iguana.
The iguana is moderately wounded.
The iguana bites you!
* * * LOW HITPOINT WARNING * * *
You completely miss the iguana.
The iguana is moderately wounded.
The iguana closely misses you.
You barely miss the iguana.
The iguana is moderately wounded.
The iguana barely misses you.
You closely miss the iguana.
The iguana is moderately wounded.
The iguana bites you but does no damage.
You hit the iguana.
The iguana is moderately wounded.
The iguana bites you.
You die...

..?## ....#
#...# #...#
##...#
###....#
####...l..#
.!.....@..#
###.##....#
#..### ##.#
##.#######
#...)....#
#........#
#........#
####........#


You could see an iguana.

Vanquished Creatures
  A hound (D:4)
  Ijyb (D:3)
  An iguana (D:4)
  A hound skeleton (D:4)
  2 adders (D:3)
  A worm (D:3)
  3 dart slugs
  5 bats
  12 endoplasms
  6 giant cockroaches
  14 goblins
  7 hobgoblins
  3 jackals (D:3)
  4 kobolds
  5 quokkas
  7 ball pythons
  8 frilled lizards
  5 rats
86 creatures vanquished.

Vanquished Creatures (others)
  7 plants (D:1)
7 creatures vanquished.

Grand Total: 93 creatures vanquished

Notes
Turn   | Place    | Note
-------+----------+-------------------------------------------
     0 | D:1      | HallandMoats the Ghoul Fighter began the quest for the Orb.
     0 | D:1      | Reached XP level 1. HP: 19/19 MP: 0/0
    57 | D:1      | Reached XP level 2. HP: 26/26 MP: 1/1
   336 | D:1      | Reached skill level 1 in Invocations
   396 | D:1      | Reached XP level 3. HP: 24/31 MP: 2/2
   722 | D:1      | Found a faded altar of an unknown god.
   806 | D:1      | Prayed at the altar of an unknown god.
   806 | D:1      | Became a worshipper of Warmaster Okawaru
   806 | D:1      | Reached * piety under Okawaru
  1775 | D:3      | Reached XP level 4. HP: 37/40 MP: 4/4
  2404 | D:3      | You fall into a shaft and drop 1 floor!
  2424 | D:4      | Reached skill level 4 in Fighting
  2424 | D:4      | Reached skill level 1 in Dodging
  2424 | D:4      | Reached XP level 5. HP: 8/46 MP: 3/5
  2871 | D:3      | Noticed Ijyb
  2882 | D:3      | Killed Ijyb
  3148 | D:4      | HP: 2/46 [iguana (8)]
  3152 | D:4      | Slain by an iguana

Illustrated notes

Levels and vault maps discovered:
D:1:      minmay_arrival_four_circles, layout_loops_ring,
          chequers_ecumenical_altar_grove, serial_bayou_lagoon_a
D:2:      layout_basic, serial_corexii_hall, chequers_hall_statues_corner_a,
          corexii_hall_statues_s, minmay_hexomino_f4
D:3:      kennysheep_goblin_castle, layout_loops_ring, minmay_joined_circles
D:4:      layout_rooms

Skill      XL: |  1  2  3  4 |
---------------+-------------+-----
Axes           | 2 |  2.9
Invocations    | 1 2 |  2.6
Shields        | 3 |  3.2
Armour         | 3 |  3.2
Fighting       | 4 |  4.3
Dodging        | 1 |  1.2

Action                   |  1- 3 |  4- 6 || total
-------------------------+-------+-------++-------
Melee: War axe           |   117 |   116 ||   233
Invok: Heroism           |       |     3 ||     3
  Use: Scroll            |       |     2 ||     2
Armor: Scale mail        |    41 |    52 ||    93
       Ring mail         |       |     9 ||     9
Dodge: Dodged            |    53 |    65 ||   118
Block: Buckler           |    10 |    35 ||    45
